 Dungeon Crawl Stone Soup version 0.30-a0-883-g5ad918d77d (webtiles) character file.

Game seed: 4319496391169086283

36 Newt the Shooter (level 3, -1/24 HPs)
             Began as a Kobold Hunter on Mar 17, 2023.
             Constricted to death by Terence (6 damage)
             ... on level 2 of the Dungeon.
             The game lasted 00:00:55 (1062 turns).

Newt the Shooter (Kobold Hunter)                    Turns: 1062, Time: 00:00:56

Health: -1/24      AC:  3    Str:  8    XL:     3   Next: 57%
Magic:  3/3        EV: 11    Int: 10    God:
Gold:   18         SH:  0    Dex: 20    Spells: 2/2 levels left

rFire   . . .      SeeInvis .    a - +0 shortbow
rCold   . . .      Faith    .    (shield currently unavailable)
rNeg    . . .      Spirit   .    c - +0 leather armour
rPois   .          Reflect  .    (no helmet)
rElec   .          Rampage  .    (no cloak)
rCorr   .                        (no gloves)
Will    .....                    (no boots)
Stlth   +++                      (no amulet)
HPRegen 0.24/turn                (no ring)
MPRegen 0.08/turn                (no ring)

@: mighty, grasped by roots, constricted
A: small, no large weapons, nightstalker 3
a: no special abilities


You were on level 2 of the Dungeon.
You visited 1 branch of the dungeon, and saw 2 of its levels.

You collected 18 gold pieces.

Inventory:

Hand Weapons
 a - a +0 shortbow (weapon)
Armour
 c - a +0 leather armour (worn)
Jewellery
 h - a ring of ice
Scrolls
 b - a scroll of immolation
 j - a scroll of enchant armour
Potions
 d - 3 potions of might
 e - 2 potions of invisibility {unknown}
 f - a potion of mutation {unknown}


   Skills:
 + Level 4.1 Fighting
 - Level 5.3 Ranged Weapons
 - Level 2.4 Dodging
 - Level 1.3 Stealth


You had 2 spell levels left.
You didn't know any spells.
Your spell library was empty.

Dungeon Overview and Level Annotations

Branches:
Dungeon (2/15)

Altars:

Annotations:
D:2 Terence


Innate Abilities, Weirdness & Mutations

You are small and have problems with some larger weapons.
You are completely attuned to the shadows.


Message History

No target in view!
No target in view!
No target in view!
Found a stone staircase leading up.
Unknown command.
e - 2 sedimented puce potions You see here a giant cockroach corpse.
f - a fizzy puce potion No target in view!
No target in view!
No target in view!
Terence the Incautious comes into view.
He is wielding a +0 hand axe and carrying a wand of roots (2).
Terence is nearby!
You shoot an arrow. The arrow hits Terence.
Terence is moderately wounded.
You shoot an arrow. The arrow closely misses Terence.
Terence zaps a wand.
The roots erupt in riotous growth!
The grasping roots grab you! The grasping roots constrict you. x2
You hear a shout!
Unknown command.
You shoot an arrow.
The arrow hits Terence but does no damage.
Terence is moderately wounded.
The grasping roots constrict you.
A goblin comes into view. It is wielding a +0 dagger.
The grasping roots release their grip on you.
You shoot an arrow. The arrow barely misses Terence.
Terence zaps a wand.
The roots erupt in riotous growth!
The grasping roots grab you!
Terence is unaffected.
The now-empty wand crumbles to dust.
The grasping roots constrict you.
Unknown command.
You shoot an arrow. The arrow closely misses Terence.
The arrow hits the goblin.
You kill the goblin!
Terence hits you with a +0 hand axe.
* * * LOW HITPOINT WARNING * * *
The grasping roots constrict you.
You die...

....#.# ...
#.#.#.# ..
...#.# .#
##.#.###.#..
.##......>†...
.).@@#†###.#..
.##..........
#$.#.###.##.
#.<#.# .#
...#.# #.#


You could see Terence.

Vanquished Creatures
  A worm (D:2)
  2 dart slugs (D:1)
  6 ball pythons
  2 endoplasms (D:1)
  A giant cockroach (D:2)
  2 goblins
  4 hobgoblins
  3 kobolds (D:1)
  A quokka (D:1)
  4 bats (D:1)
  A frilled lizard (D:1)
  2 rats (D:1)
29 creatures vanquished.

Notes
Turn   | Place    | Note
-------+----------+-------------------------------------------
     0 | D:1      | Newt the Kobold Hunter began the quest for the Orb.
     0 | D:1      | Reached XP level 1. HP: 12/12 MP: 1/1
    64 | D:1      | Reached XP level 2. HP: 18/18 MP: 2/2
   343 | D:1      | Reached XP level 3. HP: 19/23 MP: 3/3
  1057 | D:2      | Noticed Terence
  1062 | D:2      | Constricted to death by Terence

Illustrated notes

Levels and vault maps discovered:
D:1:      erik_arrival_cave_to_civilisation [erik_arrival_cave_to_hall],
          layout_basic
D:2:      layout_loops_ring, basic_altar, uniq_sigmund, uniq_crazy_yiuf_cottage,
          uniq_terence

Skill      XL: |  1  2  3 |
---------------+----------+-----
Fighting       | 3 4 |  4.1
Ranged Weapons | |  5.3
Dodging        | |  2.4
Stealth        | |  1.3

Action                     || total
---------------------------++-------
   Fire: Shortbow          ||    68
    Use: Scroll            ||     4
         Potion            ||     1
 Armour: Leather armour    ||     2
  Dodge: Dodged            ||    26

Table legend: (Time is in decaauts)
 A = Elapsed time spent in this place.
 B = Non-inter-level travel time spent in this place.
 C = Inter-level travel time spent in this place.
 D = Time resting spent in this place.
 E = Time spent auto-exploring this place.
 F = Levels seen in this place.
 G = Mean time per level.
                   A        B        C        D        E       F      G
               +--------+--------+--------+--------+--------+-----+--------+
         Total |   1080 |   1052 |     28 |    255 |    662 |   2 |  540.0 |
       Dungeon |   1080 |   1052 |     28 |    255 |    662 |   2 |  540.0 |
               +--------+--------+--------+--------+--------+-----+--------+

Top non-repeatable levels by time:
     D:1: 783 daAuts
     D:2: 297 daAuts
